 Dungeon Crawl Stone Soup version 0.30.1-11-g7821555f0a (webtiles) character file.

Game seed: 786001645020435173

64199 caec the Martial Artist (level 14, -8/85 HPs)
             Began as a Black Draconian Transmuter on Dec 20, 2023.
             Was a High Priest of Hepliaklqana.
             Killed from afar by Asterion (21 damage)
             ... with an orb of electricity
             ... on level 1 of the Snake Pit on Dec 21, 2023.
             The game lasted 02:32:02 (30394 turns).

caec the Martial Artist (DrTm)                     Turns: 30394, Time: 02:32:04

Health: -8/85      AC: 11    Str: 13    XL:     14   Next: 70%
Magic:  28/38      EV: 22    Int: 17    God:    Hepliaklqana [*****.]
Gold:   1258       SH:  5    Dex: 15    Spells: 6/35 levels left

rFire   + .          .
                       - Unarmed
rCold   . . .        (no shield)
rNeg    . . .        (body armour unavailable)
rPois   +            (helmet restricted)
rElec   +            w - +0 cloak
rCorr   .            h - +0 pair of gloves
SInv    +            E - +0 pair of boots of Fashionability {rPois Int+2 SInv}
Will    +....        W - amulet of Ratisor {Reflect rF+ MP+9 SH+5}
Stlth   +++          Q - ring of wizardry
HPRegen 0.34/turn    R - +5 ring of evasion
MPRegen 0.26/turn

%: reflection, wizardry (x1)
@: flying, slowed, studying 2 skills, very slow
A: reduced essence, breathe lightning, AC +8, unfitting armour, big wings,
electricity resistance, cold-blooded, frail 1, poison resistance
a: Breathe Lightning, Renounce Religion, Recall Ancestor, Ancestor Identity,
Transference, Idealise


You were on level 1 of the Snake Pit.
You worshipped Hepliaklqana.
Hepliaklqana was extremely pleased with you.
You visited 5 branches of the dungeon, and saw 21 of its levels.
You also visited: Sewer.

You collected 2161 gold pieces.
You spent 903 gold pieces at shops.

Inventory:

Missiles
 x - 12 poisoned darts (quivered)
 K - 2 atropa-tipped darts
 L - 6 curare-tipped darts
Armour
 h - a +0 pair of gloves (worn)
 w - a +0 cloak (worn)
 E - the +0 pair of boots of Fashionability (worn) {rPois Int+2 SInv}
   (You acquired it on level 1 of the Orcish Mines)

   Int:       It affects your intelligence (+2).
   rPois:     It protects you from poison.
   SInv:      It lets you see invisible.
Jewellery
 l - a ring of willpower
 r - an amulet of the acrobat
 y - a ring of poison resistance
 P - an amulet of regeneration
 Q - a ring of wizardry (left hand)
 R - a +5 ring of evasion (right hand)
 V - a ring of willpower
 W - the amulet of Ratisor (around neck) {Reflect rF+ MP+9 SH+5}
   (You bought it in a shop on level 2 of the Orcish Mines)

   [amulet of reflection]

   It reflects blocked missile attacks.
   rF:        It protects you from fire.
   MP:        It affects your magic capacity (+9).
   SH:        It affects your SH (+5).
Wands
 n - a wand of flame (8)
 F - a wand of paralysis (5)
 G - a wand of polymorph (4)
 J - a wand of iceblast (14)
 S - a wand of digging (6)
 U - a wand of light (3)
Scrolls
 b - 2 scrolls of enchant armour
 d - a scroll of amnesia
 e - a scroll of identify
 g - 3 scrolls of magic mapping
 i - 5 scrolls of teleportation
 m - 2 scrolls of fear
 q - 4 scrolls of blinking
 s - a scroll of poison
 t - 2 scrolls of torment
 u - 4 scrolls of vulnerability
 z - 3 scrolls of fog
 I - 2 scrolls of silence
 N - a scroll of summoning
Potions
 a - 6 potions of lignification
 c - a potion of might
 f - 9 potions of attraction
 j - 2 potions of brilliance
 p - 5 potions of curing
 v - 3 potions of cancellation
 A - a potion of magic
 B - a potion of invisibility
 C - 4 potions of haste


   Skills:
 + Level 5.3 Fighting
 - Level 1.0 Throwing
 + Level 10.3 Dodging
 - Level 4.0 Stealth
 - Level 3.1 Shields
 + Level 14.7 Unarmed Combat
 + Level 11.4 Spellcasting
 - Level 4.3 Conjurations
 - Level 1.0 Translocations
 + Level 9.9 Transmutations
 - Level 1.9 Ice Magic
 * Level 9.6 Air Magic
 - Level 3.1 Poison Magic
 - Level 1.5 Invocations
 - Level 0.7 Evocations


You had 6 spell levels left.
You knew the following spells:

 Your Spells              Type           Power      Damage    Failure   Level
a - Arcjolt               Conj/Air       16%        1d26      4%          5
b - Wereblood             Tmut           43%        N/A       1%          2
c - Airstrike             Air            21%        2d(3-19)  1%          4
d - Ice Form              Ice/Tmut       29%        N/A       2%          4
e - Vhi's Electric Charg  Tloc/Air       54%        N/A       1%          3
f - Hailstorm             Conj/Ice       20%        3d6       2%          3
g - Freezing Cloud        Conj/Ice/Air   13%        6-21      9%          5
h - Swiftness             Air            42%        N/A       1%          3

Your spell library contained the following spells:

 Spells                   Type           Power      Damage    Failure   Level
 Beastly Appendage        Tmut           86%        N/A       1%          1
 Shock                    Conj/Air       100%       1d9       1%          1
 Poisonous Vapours        Pois/Air       62%        N/A       1%          2
 Mephitic Cloud           Conj/Pois/Air  29%        N/A       1%          3
 Spider Form              Tmut/Pois      31%        N/A       1%          3
 Summon Lightning Spire   Summ/Air       26%        N/A       4%          4
 Tukima's Dance           Hex            9%         N/A       9%          3
 Yara's Violent Unravell  Hex/Tmut       13%        3d7       11%         5
 Passage of Golubria      Tloc           13%        N/A       19%         4
 Conjure Ball Lightning   Conj/Air       16%        3x3d6     26%         6
 Leda's Liquefaction      Hex/Erth       4%         N/A       28%         4
 Statue Form              Tmut/Erth      17%        N/A       47%         6
 Plasma Beam              Fire/Air       13%        2x1d26    50%         6
 Lee's Rapid Deconstruct  Erth           4%         3d5*      58%         5
 Simulacrum               Ice/Necr       6%         N/A       95%         6
 Storm Form               Tmut/Air       21%        N/A       38%         7
 Maxwell's Capacitive Co  Air            21%        ∞         97%         8
 Discord                  Hex            4%         N/A       100%        8
 Disjunction              Tloc           6%         N/A       100%        8


Dungeon Overview and Level Annotations

Branches:
Dungeon (12/15)            Temple (1/1) D:4            Lair (5/5) D:10
 Shoals (0/4) Lair:2        Snake (1/4) Lair:2        Slime (0/5) Lair:5
    Orc (2/2) D:9             Elf (0/3) Orc:2         Sewer (visited)

Altars:
Ashenzari
Cheibriados
Dithmenos
Elyvilon
Fedhas
Gozag
Hepliaklqana
Kikubaaqudgha
Makhleb
Nemelex Xobeh
Okawaru
Qazlal
Ru
Sif Muna
Trog
Uskayaw
Vehumet
Wu Jian
Xom
Yredelemnul
Zin
The Shining One
Jiyva

Shops:
D:2 *   D:5 *   D:9 [   Orc:1 ?*   Orc:2 *([==

Portals:
Trove: D:12 (show slimy rune of Zot)

Annotations:
Lair:5 4 runed translucent doors, tmcgee265's ghost, journeyman FoFi
Snake:1 Asterion; Mlioglotl; Roxanne
Orc:1 3 runed translucent doors, sheffield53's ghost, journeyman MiFi


Innate Abilities, Weirdness & Mutations

Your life essence is reduced to manifest your ancestor. (-10% HP)
You can breathe wild blasts of lightning.
Your glossy black scales are hard. (AC +8)
You cannot fit into any form of body armour.
Your large and strong wings let you fly.
You are resistant to electric shocks. (rElec)
You are cold-blooded and may be slowed by cold attacks.
You are frail. (-10% HP)
Your system is resistant to poisons. (rPois)


Message History

Casting: Freezing Cloud (dangerous; 9% risk of failure)
Confirm with . or Enter, or press ? or * to list all spells.
Aiming: Freezing Cloud (dangerous; 9% risk of failure)
Press: ? - help, Dir - move target, p - Asterion
Okay, then.
Asterion conjures a destructive force in the name of Makhleb!
The orb of electricity explodes!
The orb of electricity engulfs you! You resist.
Asterion conjures a destructive force in the name of Makhleb!
The bolt of negative energy misses you.
Asterion is no longer blind.
Asterion mumbles some strange prayers to Makhleb.
Casting: Freezing Cloud (dangerous; 9% risk of failure)
Confirm with . or Enter, or press ? or * to list all spells.
Aiming: Freezing Cloud (dangerous; 9% risk of failure)
Press: ? - help, Dir - move target, f/p - Asterion
Aim: Asterion, wielding a +0 spectral demon trident, wearing a +0 leather armour and wearing a +0 kite shield (severely wounded, fast) That beam is likely to hit you.
Continue anyway? [Y]es or [N]o only, please.
That beam is likely to hit you.
Continue anyway?
You are engulfed in freezing vapours.
Asterion is engulfed in freezing vapours. x2
Some rock shatters into small pieces.
Found a scroll of magic mapping.
You are engulfed in freezing vapours.
You feel yourself slow down.
Asterion is engulfed in freezing vapours.
You hear a grinding noise.
Asterion is engulfed in freezing vapours. x2
Asterion hits you from afar with a +0 spectral demon trident!
The +0 spectral demon trident hits you!
* * * LOW HITPOINT WARNING * * *
A +0 spectral demon trident comes into view.
The +0 spectral demon trident is engulfed in freezing vapours.
Asterion shares his spectral weapon's damage!
The +0 spectral demon trident is engulfed in freezing vapours.
Asterion is engulfed in freezing vapours.
Asterion conjures a destructive force in the name of Makhleb!
The orb of electricity explodes!
The orb of electricity engulfs you!! You resist.
You die...

.......#.#...###.#
#...####.#...+ #.#
..## #.#...# #.# .
#.#...# #..
#.#...# #.# #...#
#.# ## #... #.# .?
#.####.####
#@.(H§§§§§#
########2§# #.#
#.# #.# #(# #.#
... #.#


You could see Asterion (fast), a cacodemon (summoned) and a +0 spectral demon
trident.

Vanquished Creatures
  An orc warlord (Orc:2)
  A fire dragon (Lair:5)
  Fannar (D:11)
  4 hydras
  A catoblepas (Lair:2)
  The ghost of middlethird the Grappler, a journeyman VSTm of Cheibriados (Lair:2)
  5 death yaks (Lair:5)
  An orc high priest (Orc:2)
  A skyshark (Lair:5)
  A swamp dragon (Lair:5)
  2 orc knights (Orc:2)
  3 manticores
  2 orc sorcerers
  3 cyclopes (D:12)
  A salamander (Snake:1)
  2 naga magi (Snake:1)
  Joseph (D:7)
  3 black mambas
  2 torpor snails
  5 elephants
  8 cane toads
  7 rime drakes
  12 komodo dragons
  2 trolls
  2 polar bears
  Sigmund (D:5)
  8 blink frogs
  A shadow (D:7)
  52 yaks
  4 wyverns
  4 basilisks
  4 steam dragons
  8 vampire mosquitoes
  2 wargs
  A naga (Snake:1)
  An acid dragon (D:10)
  4 water moccasins
  19 orc warriors
  2 black bears
  3 swamp drakes
  5 ice beasts (D:10)
  4 ogres
  3 sky beasts
  3 centaurs
  12 wolves
  A phantom (D:5)
  2 kobold brigands (D:9)
  Blork the orc (D:5)
  5 bullfrogs
  A gnoll sergeant (D:10)
  3 scorpions
  5 wights
  9 killer bees
  A vampire bat (D:12)
  3 electric eels (D:11)
  2 howler monkeys (D:7)
  15 orc priests
  Crazy Yiuf (D:5)
  2 hounds
  2 sleepcaps
  6 iguanas
  Terence (D:2)
  25 orc wizards
  Natasha (thrice) (D:3)
  9 gnolls
  9 adders
  5 river rats
  2 shadow imps
  3 white imps
  An ufetubus (D:7)
  5 worms
  4 dart slugs
  53 orcs
  3 bats
  2 bat skeletons (D:12)
  4 bat zombies (D:12)
  5 endoplasms
  3 giant cockroaches (D:4)
  14 goblins
  11 hobgoblins
  2 jackals (D:4)
  5 quokkas
  6 ball pythons
  9 frilled lizards
  15 kobolds
  22 rats
493 creatures vanquished.

Vanquished Creatures (collateral kills)
  A death yak (Lair:5)
  A two-headed ogre (Orc:2)
  A skyshark (Lair:4)
  2 manticores
  A mana viper (Snake:1)
  An orc knight (Orc:2)
  3 orc sorcerers (Orc:2)
  2 black mambas
  2 elephants
  2 cane toads
  A gargoyle (D:11)
  An unseen horror (D:11)
  A komodo dragon (Lair:4)
  4 rime drakes
  3 polar bears (Lair:1)
  A troll (Orc:2)
  3 blink frogs
  A wyvern (Lair:3)
  A wraith (D:11)
  3 basilisks
  17 yaks
  3 vampire mosquitoes
  2 steam dragons
  A naga (Snake:1)
  2 wargs
  A water moccasin (Lair:3)
  2 acid dragons
  A swamp drake (Lair:5)
  An ice beast (D:10)
  7 orc warriors
  2 centaurs
  An ogre (Orc:2)
  5 wolves
  4 bullfrogs
  A gnoll sergeant (D:7)
  A wight (D:8)
  6 killer bees (D:9)
  An electric eel (D:12)
  2 orc priests
  A jelly (D:7)
  An iguana (Lair:5)
  13 orc wizards
  2 gnolls (D:10)
  A white imp (D:7)
  13 orcs
  A bat zombie (D:12)
127 creatures vanquished.

Vanquished Creatures (others)
  An orc priest (Orc:2)
  10 knights
  An ancestor (D:8)
12 creatures vanquished.

Grand Total: 632 creatures vanquished

Notes
Turn   | Place    | Note
-------+----------+-------------------------------------------
     0 | D:1      | caec the Draconian Transmuter began the quest for the Orb.
     0 | D:1      | Reached XP level 1. HP: 16/16 MP: 3/3
   188 | D:1      | Reached XP level 2. HP: 23/23 MP: 3/5
   191 | D:1      | Learned a level 2 spell: Wereblood
   805 | D:1      | Reached XP level 3. HP: 26/28 MP: 4/6
  1439 | D:2      | Found Yraarefe's Assorted Antiques.
  1439 | D:2      | Noticed Terence
  1462 | D:2      | Killed Terence
  1463 | D:2      | Reached skill level 4 in Unarmed Combat
  1463 | D:2      | Reached XP level 4. HP: 19/35 MP: 4/7
  2386 | D:3      | Reached XP level 5. HP: 40/40 MP: 9/9
  2641 | D:3      | Noticed Natasha
  2663 | D:3      | Killed Natasha
  2709 | D:3      | Noticed Natasha
  2744 | D:3      | Killed Natasha
  2924 | D:3      | Noticed Natasha
  2942 | D:3      | Killed Natasha
  3377 | D:4      | Reached skill level 1 in Stealth
  3385 | D:4      | Reached XP level 6. HP: 41/47 MP: 10/10
  3699 | D:4      | Found a glowing drain.
  3715 | Sewer    | Entered a sewer
  4182 | Sewer    | Reached skill level 5 in Unarmed Combat
  4450 | D:4      | Learned a level 3 spell: Spider Form
  4716 | D:4      | Your scales start taking on a glossy black colour.
  4716 | D:4      | Reached XP level 7. HP: 51/52 MP: 12/12
  4716 | D:4      | Gained mutation: You are resistant to electric shocks.
                  | (rElec) [Black Draconian growth]
  4841 | D:4      | Found a staircase to the Ecumenical Temple.
  4847 | Temple   | Entered the Ecumenical Temple
  4892 | Temple   | Became a worshipper of Hepliaklqana the Forgotten
  5012 | D:5      | Entered Level 5 of the Dungeon
  5104 | D:5      | Found an opulent altar of Gozag.
  5202 | D:5      | Found Gozag's Platinum Reserve.
  5311 | D:5      | Noticed Blork the orc
  5323 | D:5      | Killed Blork the orc
  5683 | D:5      | Gained mutation: Your spells are a little easier to cast,
                  | but a little less powerful. [potion of mutation]
  5683 | D:5      | Gained mutation: You occasionally lose the ability to read
                  | scrolls when taking damage. [potion of mutation]
  5683 | D:5      | Gained mutation: Your muscles are strong. (Str +4, Int/Dex
                  | -1) [potion of mutation]
  5761 | D:5      | Found a runed translucent door.
  5762 | D:5      | Noticed Crazy Yiuf
  5773 | D:5      | Killed Crazy Yiuf
  6070 | D:5      | Noticed Sigmund
  6096 | D:5      | Killed Sigmund
  6097 | D:5      | Reached skill level 6 in Unarmed Combat
  6097 | D:5      | Reached XP level 8. HP: 36/59 MP: 14/14
  6450 | D:6      | Reached skill level 1 in Shields
  6751 | D:6      | Reached skill level 5 in Transmutations
  6943 | D:6      | Reached skill level 5 in Spellcasting
  6966 | D:6      | Reached * piety under Hepliaklqana
  7056 | D:6      | Reached skill level 7 in Unarmed Combat
  7354 | D:7      | Reached skill level 1 in Throwing
  7789 | D:7      | Reached XP level 9. HP: 60/60 MP: 17/17
  7983 | D:7      | Noticed Joseph
  7997 | D:7      | Killed Joseph
  8570 | D:7      | Reached skill level 8 in Unarmed Combat
  8834 | D:2      | Bought a short glass wand for 104 gold pieces
  9058 | D:8      | Reached ** piety under Hepliaklqana
  9059 | D:8      | Remembered your ancestor Cuahtemoc as a knight
  9492 | D:8      | Reached XP level 10. HP: 39/65 MP: 19/19
  9503 | D:8      | Learned a level 4 spell: Ice Form
  9641 | D:8      | Reached skill level 5 in Dodging
  9641 | D:8      | Reached skill level 9 in Unarmed Combat
 10455 | D:9      | Found Hywi Doan's Antique Armour Shop.
 11036 | D:9      | Found a staircase to the Orcish Mines.
 11250 | D:9      | Reached skill level 10 in Unarmed Combat
 11260 | D:9      | Reached XP level 11. HP: 51/73 MP: 22/22
 11477 | D:10     | Entered Level 10 of the Dungeon
 11637 | D:10     | Found a staircase to the Lair.
 11765 | D:10     | Reached *** piety under Hepliaklqana
 12268 | Lair:1   | Entered Level 1 of the Lair of Beasts
 12379 | Lair:1   | Reached skill level 11 in Unarmed Combat
 12382 | Lair:1   | Reached skill level 1 in Poison Magic
 13224 | Lair:1   | Reached skill level 1 in Ice Magic
 13782 | Lair:1   | Reached XP level 12. HP: 81/81 MP: 25/25
 13966 | Lair:1   | Reached skill level 12 in Unarmed Combat
 14534 | Lair:2   | Reached **** piety under Hepliaklqana
 14774 | Lair:2   | Found a staircase to the Snake Pit.
 14789 | Lair:2   | Found a runed translucent gate.
 14789 | Lair:2   | Found a runed translucent gate.
 14791 | Lair:2   | Found a runed translucent gate.
 14792 | Lair:2   | Noticed middlethird's ghost (journeyman VSTm)
 14819 | Lair:2   | Found a staircase to the Shoals.
 14930 | Lair:2   | Learned a level 3 spell: Vhi's Electric Charge
 15384 | Lair:2   | Noticed a catoblepas
 15800 | Lair:3   | Reached skill level 1 in Air Magic
 15910 | Lair:3   | Reached ***** piety under Hepliaklqana
 16128 | Lair:3   | Noticed an eight-headed hydra
 16249 | D:10     | Learned a level 3 spell: Hailstorm
 16347 | D:11     | Reached skill level 1 in Translocations
 16653 | D:11     | Reached skill level 13 in Unarmed Combat
 16933 | D:11     | Noticed Fannar
 17004 | D:11     | Killed Fannar
 18201 | D:12     | Found a portal to a secret trove of treasure.
 18983 | D:11     | Reached XP level 13. HP: 87/87 MP: 26/26
 19161 | D:12     | Found an ancient bone altar of Kikubaaqudgha.
 19811 | Orc:1    | Entered Level 1 of the Orcish Mines
 19974 | Orc:1    | Reached skill level 1 in Conjurations
 20224 | Orc:1    | Found Giat's Magic Scroll Shoppe.
 20239 | Orc:1    | Bought a scroll of identify for 24 gold pieces
 20239 | Orc:1    | Bought a scroll of teleportation for 36 gold pieces
 20240 | Orc:1    | Bought a scroll of identify for 24 gold pieces
 20240 | Orc:1    | Bought a scroll of identify for 24 gold pieces
 20240 | Orc:1    | Identified a scroll of acquirement
 20245 | Orc:1    | Acquired the +0 pair of boots of Fashionability {rPois
                  | Int+2 SInv}
 20335 | Orc:1    | Paralysed by an orc sorcerer for 3 turns
 20549 | Orc:1    | Learned a level 5 spell: Arcjolt
 20560 | Orc:1    | Found a runed translucent gate.
 20560 | Orc:1    | Found a runed translucent gate.
 20560 | Orc:1    | Found a runed translucent gate.
 20743 | Orc:1    | Noticed sheffield53's ghost (journeyman MiFi)
 20773 | Orc:1    | Found Mytyu's Gadget Gallery.
 21062 | Orc:2    | Entered Level 2 of the Orcish Mines
 21331 | Orc:2    | Found a staircase to the Elven Halls.
 21549 | Orc:2    | Reached skill level 10 in Spellcasting
 21549 | Orc:2    | Reached skill level 5 in Air Magic
 21926 | Orc:2    | Learned a level 5 spell: Freezing Cloud
 22260 | Orc:2    | Noticed an orc warlord
 23267 | Orc:2    | Learned a level 3 spell: Mephitic Cloud
 23740 | Lair:2   | Reached skill level 1 in Invocations
 23749 | Lair:2   | Killed middlethird's ghost
 24611 | Lair:4   | You fall into a shaft and drop 1 floor!
 24611 | Lair:5   | Entered Level 5 of the Lair of Beasts
 25103 | Lair:4   | Acquired a book of the Sky
 25246 | Lair:4   | Reached skill level 14 in Unarmed Combat
 25580 | Lair:4   | Gained mutation: Your large and strong wings let you fly.
                  | [Black Draconian growth]
 25580 | Lair:4   | Reached XP level 14. HP: 81/94 MP: 17/28
 26401 | Lair:4   | Lost mutation: Your spells are a little easier to cast, but
                  | a little less powerful. [potion of mutation]
 26401 | Lair:4   | Lost mutation: Your muscles are strong. (Str +4, Int/Dex
                  | -1) [potion of mutation]
 26401 | Lair:4   | Lost mutation: You occasionally lose the ability to read
                  | scrolls when taking damage. [potion of mutation]
 26401 | Lair:4   | Gained mutation: You are dopey. (Int -2) [potion of
                  | mutation]
 26401 | Lair:4   | Gained mutation: Your flesh is cold resistant. (rC+)
                  | [potion of mutation]
 26401 | Lair:4   | Gained mutation: You are frail. (-10% HP) [potion of
                  | mutation]
 26402 | Lair:4   | Lost mutation: You are dopey. (Int -2) [potion of mutation]
 26402 | Lair:4   | Lost mutation: Your flesh is cold resistant. (rC+) [potion
                  | of mutation]
 26402 | Lair:4   | Gained mutation: Your system is resistant to poisons.
                  | (rPois) [potion of mutation]
 26759 | Lair:5   | Reached skill level 5 in Fighting
 27238 | Lair:5   | Reached skill level 10 in Dodging
 27248 | Lair:5   | Found a runed translucent door.
 27249 | Lair:5   | Found a viscous altar of Jiyva.
 27249 | Lair:5   | Found a staircase to the Slime Pits.
 27617 | Lair:5   | Found a runed translucent gate.
 27618 | Lair:5   | Found a runed translucent gate.
 27618 | Lair:5   | Found a runed translucent gate.
 27620 | Lair:5   | Noticed tmcgee265's ghost (journeyman FoFi)
 29043 | Orc:2    | Killed an orc warlord
 29170 | Orc:2    | Found Ingiwis's Jewellery Shop.
 29185 | Orc:2    | Found Nuycidad's Antique Weapon Shop.
 29200 | Orc:2    | Found Feyrufitz's General Store.
 29216 | Orc:2    | Found Qehaedaa's Antique Armour Shop.
 29358 | Orc:2    | Found Kuuqinal's Jewellery Shoppe.
 29366 | Orc:2    | Bought the amulet of Ratisor {Reflect rF+ MP+9 SH+5} for
                  | 691 gold pieces
 30010 | Snake:1  | Entered Level 1 of the Snake Pit
 30035 | Snake:1  | Learned a level 4 spell: Airstrike
 30039 | Snake:1  | Learned a level 3 spell: Swiftness
 30051 | Snake:1  | Noticed Roxanne
 30341 | Snake:1  | Noticed Mlioglotl
 30375 | Snake:1  | Noticed Asterion
 30376 | Snake:1  | Noticed a balrug
 30393 | Snake:1  | Noticed a cacodemon
 30394 | Snake:1  | Killed from afar by Asterion

Illustrated notes

Levels and vault maps discovered:
D:1:      dpeg_arrival_morbid_curiosity, layout_loops_ring, minmay_hedge_maze
D:2:      layout_basic, serial_shops, nicolae_diamond_shop, uniq_terence
D:3:      layout_basic, serial_bayou, serial_bayou_shore_b,
          serial_bayou_crossing, serial_bayou_lagoon_b, serial_bayou_shore_a,
          serial_bayou_lagoon_a, serial_bayou_pond_e, uniq_natasha
D:4:      layout_basic, minmay_temple_entry_enclosed_plants,
          gup_sewer_entry_bubbles
D:5:      layout_basic, nicolae_gozag_zags_fifth_avenue, uniq_blork_the_orc,
          uniq_sigmund, uniq_crazy_yiuf_cottage
D:6:      layout_gridville
D:7:      layout_layer_cave, minmay_manual_mullet, uniq_joseph
D:8:      layout_loops_ring
D:9:      layout_basic, erik_orc_1, serial_shops, nicolae_shop_trees,
          minmay_unpleasant_kobolds
D:10:     statuecave_lemuel, layout_long_grid, hellmonk_lair_entry_icy
D:11:     layout_basic, fountainhead, st_stairs_11, uniq_fannar
D:12:     layout_cave_pools, enter_trove_6, nicolae_water_bricks,
          kennysheep_vampire_church
Temple:   nicolae_temple_the_god_donut
Lair:1:   layout_hall_layers, gauntlet_entry_generic, cheibrodos_lair_lostbears,
          grunt_megastairs_5
Lair:2:   layout_cave_pods, shoals_dummy_entry, guppyfry_snake_entry_garden,
          gammafunk_ghost_split, nicolae_lair_grove_arrangements,
          infiniplex_staircase_pool_2
Lair:3:   layout_regular_city, grunt_megastairs_4
Lair:4:   layout_gridlike, grunt_megastairs_2
Lair:5:   guppyfry_lair_end_dragon, layout_cave_pods, slime_entry_2,
          nicolae_volcano_entry_lava_flow, gammafunk_ghost_necromancy
Snake:1:  layout_basic, drop_trap, uniq_asterion, uniq_roxanne, uniq_mlioglotl
Orc:1:    layout_caves, serial_shops, shop_fountains, gammafunk_ghost_split,
          nicolae_shop_gadgets
Orc:2:    grunt_orc_cross, layout_caves, serial_shops, nicolae_diamond_shop

Skill      XL: |  1  2  3  4  5  6  7  8  9 10 11 12 13 14 |
---------------+-------------------------------------------+-----
Dodging        | 2 3 4 5 7 8 9 10 | 10.3
Unarmed Combat | 4 5 6 7 8 10 11 13 14 | 14.7
Transmutations | 3 4 5 6 7 8 9 |  9.9
Spellcasting   | 3 4 5 6 7 9 10 11 | 11.4
Stealth        | 1 2 3 4 |  4.0
Shields        | 1 2 3 |  3.1
Throwing       | 1 |  1.0
Fighting       | 2 3 4 5 |  5.3
Poison Magic   | 1 2 3 |  3.1
Ice Magic      | 1 |  1.9
Air Magic      | 4 7 9 |  9.6
Translocations | 1 |  1.0
Conjurations   | 3 4 |  4.3
Invocations    | 1 |  1.5
Evocations     | |  0.7

Action                     |  1- 3 |  4- 6 |  7- 9 | 10-12 | 13-15 || total
---------------------------+-------+-------+-------+-------+-------++-------
  Melee: Unarmed           |    95 |   243 |   249 |   520 |   384 ||  1491
         Kick              |    15 |    51 |    54 |    56 |       ||   176
         Headbutt          |    16 |    21 |    41 |    40 |       ||   118
         Tailslap          |     7 |    15 |    36 |    47 |    76 ||   181
         Punch             |     2 |     5 |     9 |    16 |    44 ||    76
  Throw: Dart              |       |     1 |    13 |    77 |    16 ||   107
   Cast: Beastly Appendage |    24 |    39 |    33 |    27 |       ||   123
         Wereblood         |     4 |    18 |    16 |    28 |    26 ||    92
         Spider Form       |       |     1 |     1 |     9 |       ||    11
         Ice Form          |       |       |       |    23 |     3 ||    26
         Hailstorm         |       |       |       |    17 |    13 ||    30
         Vhi's Electric Ch |       |       |       |     6 |    24 ||    30
         Freezing Cloud    |       |       |       |       |    63 ||    63
         Mephitic Cloud    |       |       |       |       |    27 ||    27
         Arcjolt           |       |       |       |       |     9 ||     9
         Airstrike         |       |       |       |       |     5 ||     5
 Invoke: Ancestor Life: Kn |       |       |     1 |       |       ||     1
         Recall Ancestor   |       |       |       |     4 |     2 ||     6
         Idealise          |       |       |       |       |     4 ||     4
Ability: Breathe Lightning |       |       |     5 |     8 |     2 ||    15
         End Transformatio |       |       |       |     6 |       ||     6
  Evoke: Wand              |       |       |       |       |    17 ||    17
    Use: Scroll            |       |     5 |     7 |    10 |    16 ||    38
         Potion            |       |       |     3 |     2 |     7 ||    12
   Stab: Sleeping          |     3 |     7 |     2 |       |     1 ||    13
         Distracted        |       |       |     1 |     6 |     3 ||    10
         Invisible         |       |       |       |       |     2 ||     2
         Confused          |       |       |       |       |     4 ||     4
 Armour: Skin              |    22 |    50 |    58 |   127 |    92 ||   349
  Dodge: Dodged            |    41 |   117 |   122 |   341 |   248 ||   869
  Block: Other             |       |    21 |    39 |   142 |   101 ||   303
         Reflection        |       |     1 |     1 |     7 |       ||     9
